 Dungeon Crawl Stone Soup version 0.30-a0-881-g1ff12e1e11 (webtiles) character file.

Game seed: 12889665819333142410

36 Mickster the Cudgeller (level 3, -7/36 HPs)
             Began as a Troll Berserker on Mar 14, 2023.
             Was a Follower of Trog.
             Mangled by an ogre
             ... wielding a +0 giant spiked club
              (20 damage)
             ... on level 4 of the Dungeon on Mar 15, 2023.
             The game lasted 00:15:36 (2043 turns).

Mickster the Cudgeller (Troll Berserker)            Turns: 2043, Time: 00:15:37

Health: -7/36      AC:  5    Str: 23 (25) XL:     3   Next: 19%
Magic:  2/2        EV: 10    Int:  3 (5)  God:    Trog [*.....]
Gold:   98         SH:  5    Dex:  8 (9)  Spells: 2/2 levels left

rFire   . . .      SeeInvis .    a - +0 mace
rCold   . . .      Faith    .    (no shield)
rNeg    . . .      Spirit   .    b - +0 animal skin
rPois   .          Reflect  +    (helmet restricted)
rElec   .          Rampage  .    i - +0 cloak
rCorr   .                        (gloves unavailable)
Will    .....                    (boots unavailable)
Stlth   +                        k - amulet of reflection
HPRegen 1.06/turn                (no ring)
MPRegen 0.08/turn                (no ring)

@: no status effects
A: large, unfitting armour, claws 3, regeneration 1, shaggy fur 1, tough skin 1
a: Renounce Religion, Berserk


You were on level 4 of the Dungeon.
You worshipped Trog.
Trog was aware of your devotion.
You visited 1 branch of the dungeon, and saw 4 of its levels.

You collected 98 gold pieces.

Inventory:

Hand Weapons
 a - a +0 mace (weapon)
 o - a +0 long sword
 p - a +0 arbalest
Missiles
 c - 6 curare-tipped darts (quivered)
 e - 13 stones
 g - 2 javelins
Armour
 b - a +0 animal skin (worn)
 i - a +0 cloak (worn)
Jewellery
 k - an amulet of reflection (around neck)
Scrolls
 d - 3 scrolls of teleportation {unknown}
 f - a scroll of silence
 h - 3 scrolls of identify {unknown}
 l - a scroll of noise {unknown}
Potions
 j - 2 potions of might
 m - a potion of haste {unknown}
 q - a potion of heal wounds {unknown}


   Skills:
 + Level 2.8 Fighting
 + Level 3.1 Maces & Flails
 + Level 2.8 Dodging


You had 2 spell levels left.
You didn't know any spells.
Your spell library contained the following spells:

 Spells                   Type           Power      Damage    Failure   Level
 Blink                    Tloc           0%         N/A       67%         2
 Lesser Beckoning         Tloc           0%         N/A       67%         2
 Momentum Strike          Conj/Tloc      0%         3d8       67%         2


Dungeon Overview and Level Annotations

Branches:
Dungeon (4/15)
 Temple: D:4-7

Altars:


Innate Abilities, Weirdness & Mutations

You are too large for most types of armour.
You have claws for hands.
Your natural rate of healing is unusually fast.
You are covered in fur. (AC +1)
You have tough skin. (AC +1)


Message History

A profound silence engulfs you.
It was a scroll of silence.
The goblin hits you with a +0 dagger.
A goblin is nearby!
You hit the goblin.
You kill the goblin!
Trog accepts your kill.
Things that are here:
a +0 dagger; an adder corpse Your hearing returns.
You see here a +0 leather armour.
r - a +0 leather armour This armour is too small for you!
You drop a +0 scale mail.
This armour is too small for you!
You drop a +0 leather armour.
There is a stone staircase leading down here.
You climb downwards.
Found a leather armour.
There is a stone staircase leading up here.
An ogre comes into view. It is wielding a +0 giant spiked club.
Found a scroll labelled ASUTI OSSUOHOE.
The ogre shouts!
Found 6 curare-tipped darts and a blue potion.
You see here a +0 leather armour.
The ogre hits you with a +0 giant spiked club!!
Ouch! That really hurt!
You block the ogre's attack.
You barely miss the ogre. You block the ogre's attack.
You hit the ogre but do no damage.
The ogre hits you with a +0 giant spiked club!
* * * LOW HITPOINT WARNING * * *
You closely miss the ogre. You sock the ogre!
The ogre is moderately wounded.
You block the ogre's attack.
You hit the ogre.
The ogre is heavily wounded.
The ogre hits you with a +0 giant spiked club!!
Ouch! That really hurt!
You die...

###......#
#........#.#
#........#.#
#.....[..#.#
#........#.#
#........#.#
#........#.#
##O........####.#.
#@.......<.......
#.#####....###.#.
#?# #........ #.#
#.....##.# #.#
#.#...# #.#
#.#..... #.#
#.#...#.# #.#
#.#...#.# #.#


You could see an ogre.

Vanquished Creatures
  An adder (D:3)
  2 endoplasms
  3 goblins
  4 hobgoblins
  4 quokkas
  3 ball pythons
  2 bats (D:1)
  4 frilled lizards
  A rat (D:1)
24 creatures vanquished.

Vanquished Creatures (others)
  A fungus (D:1)
  4 plants (D:1)
5 creatures vanquished.

Grand Total: 29 creatures vanquished

Notes
Turn   | Place    | Note
-------+----------+-------------------------------------------
     0 | D:1      | Mickster the Troll Berserker began the quest for the Orb.
     0 | D:1      | Reached XP level 1. HP: 22/22 MP: 0/0
    99 | D:1      | Lost intelligence.
   159 | D:1      | Reached XP level 2. HP: 29/29 MP: 1/1
   268 | D:1      | Reached skill level 3 in Maces & Flails
  1943 | D:3      | Reached XP level 3. HP: 36/36 MP: 2/2
  2024 | D:4      | Noticed an ogre
  2043 | D:4      | Mangled by an ogre

Illustrated notes

Levels and vault maps discovered:
D:1:      psy_arrival_spokes, layout_basic,
          shapermc_ecumenical_altar_mp_urbaneastern, serial_shops, shop_statue,
          minmay_pentomino_o2
D:2:      wad_crossroads, layout_basic
D:3:      layout_rooms, minmay_misc_feat_iff, minmay_fractal_squares_gapless_5
D:4:      kb_forest_paths, layout_basic, lemuel_round_altar,
          minmay_gold_behind_fungi, uniq_sigmund, uniq_crazy_yiuf_cottage,
          uniq_natasha

Skill      XL: |  1  2 |
---------------+-------+-----
Maces & Flails | 3 |  3.1
Fighting       | |  2.8
Dodging        | |  2.8

Action                     || total
---------------------------++-------
  Melee: Mace              ||    71
         Punch             ||     1
    Use: Potion            ||     3
         Scroll            ||     1
 Armour: Animal skin       ||    64
  Dodge: Dodged            ||    90
  Block: Other             ||     5

Table legend: (Time is in decaauts)
 A = Elapsed time spent in this place.
 B = Non-inter-level travel time spent in this place.
 C = Inter-level travel time spent in this place.
 D = Time resting spent in this place.
 E = Time spent auto-exploring this place.
 F = Levels seen in this place.
 G = Mean time per level.
                   A        B        C        D        E       F      G
               +--------+--------+--------+--------+--------+-----+--------+
         Total |   2942 |   2931 |     11 |   1771 |      0 |   4 |  735.5 |
       Dungeon |   2942 |   2931 |     11 |   1771 |      0 |   4 |  735.5 |
               +--------+--------+--------+--------+--------+-----+--------+

Top non-repeatable levels by time:
     D:1: 1297 daAuts
     D:2: 911 daAuts
     D:3: 707 daAuts
     D:4: 25 daAuts
